 Dungeon Crawl Stone Soup version 0.16-a0-3712-g87ae24a (console) character file.

53 MrRokkomies the Insei (level 3, -7/25 HPs)
             Began as an Octopode Transmuter on Jan 20, 2015.
             Mangled by a goblin
             ... wielding a +0 dagger of electrocution
             ... led by Robin
              (15 damage)
             ... on level 3 of the Dungeon.
             The game lasted 00:08:36 (2510 turns).

MrRokkomies the Insei (Octopode Transmuter)         Turns: 2510, Time: 00:08:36

Health: -7/25      AC:  1    Str:  9    XL:     3   Next: 89%
Magic:  6/6        EV: 12    Int: 18    God:
Gold:   120        SH:  0    Dex: 12    Spells: 1 memorised, 3 levels left

rFire  . . .     SeeInvis .       - Unarmed
rCold  . . .     Clarity  +     (no shield)
rNeg   . . .     SustAb   .     (helmet restricted)
rPois  .         Gourm    .     g - amulet of clarity
rElec  .         Spirit   .     j - ring of teleportation (curse)
rCorr  .         Warding  .     (no ring)
rMut   .         Rnd*Tele +     (no ring)
MR     .....                    (no ring)
Stlth  +++.......               (no ring)
                                (no ring)
                                (no ring)
                                (no ring)

@: not resistant to hostile enchantments, fairly stealthy
A: almost no armour, amphibious, 8 rings, constrict 8, tentacle spike 1,
camouflage 1, blink 1, clever 1, gelatinous body 1
a: Blink, Evoke Teleportation


You were on level 3 of the Dungeon.
You were not hungry.

You visited 1 branch of the dungeon, and saw 3 of its levels.

You collected 120 gold pieces.

Inventory:

Missiles
 b - 31 arrows
 c - 22 stones (quivered)
 f - a throwing net
 m - 19 arrows of frost
Jewellery
 g - an amulet of clarity (around mantle)
 j - a cursed ring of teleportation (left tentacle)
 p - an uncursed amulet of regeneration {unknown}
Scrolls
 h - a scroll of noise {unknown}
 k - 2 scrolls of identify
 q - a scroll of enchant weapon
Potions
 e - a potion of lignification
 i - 3 potions of curing {unknown}
Books
 d - a book of Changes

   Spells                             Type                      Level
   a - Beastly Appendage              Transmutation                1
   b - Sticks to Snakes               Transmutation                2
   c - Spider Form                    Transmutation/Poison         3
   d - Ice Form                       Ice/Transmutation            4
   e - Blade Hands                    Transmutation                5
Comestibles
 a - 2 bread rations
 l - a chunk of flesh
 o - a fruit


   Skills:
 * Level 2.4 Fighting
 - Level 2.0 Dodging
 + Level 1.3 Stealth
 * Level 3.8 Unarmed Combat
 - Level 2.0 Spellcasting
 - Level 2.0 Transmutations


You had 3 spell levels left.
You knew the following spells:

 Your Spells              Type           Power        Failure   Level  Hunger
a - Spider Form           Trmt/Pois      #.........   34%         3    ###....


Dungeon Overview and Level Annotations

Branches:
Dungeon (3/15)

Altars:
Ashenzari
The Shining One

Annotations:
D:3 Robin


Innate Abilities, Weirdness & Mutations

You cannot wear most types of armour.
You are amphibious.
You can wear up to eight rings at the same time.
You can use your tentacles to constrict many enemies at once.
Your skin changes colour to match your surroundings (Stealth).
Your rubbery body absorbs attacks (AC +1).
One of your tentacles bears a spike.
You can translocate small distances at will.
Your mind is acute. (Int +2)


Message History

Robin throws the goblin at you! The goblin barely misses you.
Robin throws the goblin at you! The goblin barely misses you.
The goblin hits you with a dagger of electrocution.
You closely miss the goblin. You grab the goblin.
You constrict the goblin, but do no damage.
Robin roars a battlecry!
The hobgoblin goes into a battle-frenzy!
The goblin hits you with a dagger of electrocution.
You release your grip on the goblin.
The goblin hits you with a club.
Robin roars a battlecry!
The goblin goes into a battle-frenzy!
The goblin barely misses you.
A jelly comes into view.
The goblin closely misses you.
There is an escape hatch in the floor here.
Robin throws the goblin at you!
The goblin hits you with a dagger of electrocution.
You are electrocuted!
Ouch! That really hurt!
You die...

..........ggg #.
#........ggg
##..##......g....g
...........#
.#........###
#..............
#.............
.!..............
.#..#.#..#.##...
.........g.##...#
#..#+#.@........
..#....Sgg####.J..
...........g#
##.#...........####...
........g..g.........
#......g##g..........
###.......##g#.#####...
..................#..
#...................
#..........#+####.#.
####...###.#.....# #


You could see a jelly (sleeping), Robin, an adder, 4 hobgoblins and 4 goblins.

Vanquished Creatures
  An adder (D:2)
  A worm (D:2)
  An ooze (D:2)
  3 giant cockroaches
  4 goblins
  8 hobgoblins
  6 kobolds
  A quokka (D:2)
  2 bats
  3 giant newts
  3 jackals (D:1)
  5 rats
38 creatures vanquished.

Notes
Turn   | Place    | Note
--------------------------------------------------------------
     0 | D:1      | MrRokkomies, the Octopode Transmuter, began the quest for the Orb.
     0 | D:1      | Reached XP level 1. HP: 13/13 MP: 3/3
   271 | D:1      | Reached XP level 2. HP: 9/18 MP: 4/4
  1122 | D:1      | Gained mutation: You can translocate small distances at will. [potion of mutation]
  1122 | D:1      | Gained mutation: One of your tentacles bears a spike. [potion of mutation]
  1122 | D:1      | Gained mutation: Your mind is acute. (Int +2) [potion of mutation]
  1287 | D:2      | Reached XP level 3. HP: 5/24 MP: 6/6
  1601 | D:2      | Found a shattered altar of Ashenzari.
  1720 | D:2      | Reached skill level 1 in Stealth
  1760 | D:2      | Learned a level 3 spell: Spider Form
  1841 | D:2      | Found a glowing golden altar of the Shining One.
  2422 | D:3      | Noticed Robin
  2510 | D:3      | Mangled by a goblin

Action                   || total
-------------------------++-------
Melee: Unarmed           ||    99
Throw: Stone             ||     4
 Cast: Beastly Appendage ||     1
 Abil: Blink             ||     1
  Use: Scroll            ||    10
       Potion            ||     1
 Stab: Sleeping          ||     8
  Eat: Chunk             ||     5
